Description

This Build Order is a proxy Stargate into 2 Bases all-in. It works really well against an opponent who scout early in the game.

Opening:

  • 12 - Pylon
  • 13 - Gate + Chronoboost
  • 15 - gas
  • 16 - Gas => Send the probe to the proxy position
  • => 3 probes in each gas -@100% gate => Cyber
  • @100% cyber => 3 / 2 probes in gas
  • @100% cyber => Proxy Stargate

VOD

https://youtu.be/FQ7nKPV5YlY

Replay - Prøject v zuka - Deathaura LE

Build Order

Get SALT Encoding   

  12  0:08  Pylon  
  12  0:13  Probe  
  13  0:27  Gateway  
  13  0:30  Probe (Chrono Boost)  
  14  0:41  Probe x2 (Chrono Boost)  
  14  0:42  Assimilator  
  15  0:49  Assimilator  
  16  0:56  Probe  
  17  1:08  Probe  
  18  1:14  Cybernetics Core  
  18  1:20  Probe  
  19  1:26  Pylon  
  20  1:32  Probe  
  20  1:45  Probe  
  21  1:50  Stargate, Adept (Chrono Boost)  
  23  1:56  Warp Gate  
  23  2:00  Probe  
  24  2:14  Pylon  
  23  2:17  Stalker  
  25  2:31  Void Ray (Chrono Boost)  
  25  2:36  Pylon  
  29  3:06  Nexus  
  31  3:27  Twilight Council  
  32  3:47  Robotics Facility  
  35  4:06  Void Ray  
  35  4:08  Charge  
  39  4:18  Pylon  
  42  4:31  Immortal (Chrono Boost)  
  49  4:55  Gateway  
  50  5:01  Gateway  
  51  5:12  Warp Prism  
  53  5:25  Gateway x2  
  53  5:34  Gateway  
  53  5:38  Sentry  
  55  5:50  Zealot  
  55  5:52  Gateway  
  55  5:57  Zealot  
  59  5:58  Observer (Chrono Boost)  
  60  6:20  Zealot x5  
  68  6:44  Zealot x3  
Spawning Tool Build Advisor. Get it on Overwolf

Go to:

Details

  • Created by: zuka      
  • Published on: Sep 23, 2020
  • Modified on: Sep 23, 2020
  • Patch: 4.11.0
  • Difficulty: Medium
Show
View Real Time Build Order
Export as new Build Order

Comments (0)

There are no comments. Be the first!

Create an account to comment!